 Dungeon Crawl Stone Soup version 0.21-a0-472-g223bcb9 (webtiles) character file.

18 slep the Skirmisher (level 2, -4/24 HPs)
             Began as a Demonspawn Monk on Nov 21, 2017.
             Slain by a kobold
             ... wielding a +0 dagger
              (5 damage)
             ... on level 1 of the Dungeon.
             The game lasted 00:01:16 (209 turns).

slep the Skirmisher (Demonspawn Monk)                Turns: 209, Time: 00:01:17

Health: -4/24      AC:  2    Str: 11    XL:     2   Next: 51%
Magic:  2/2        EV: 13    Int: 11    God:
Gold:   39         SH:  0    Dex: 15    Spells: 1/1 levels left

rFire    . . .     SeeInvis .   a - +0 falchion
rCold    . . .     Gourm    .   (no shield)
rNeg     . . .     Faith    .   b - +0 robe
rPois    .         Spirit   .   (no helmet)
rElec    .         Reflect  .   (no cloak)
rCorr    .         Harm     .   (no gloves)
MR       .....     Rnd*Tele +   (no boots)
Stlth    ++........             (no amulet)
HPRegen  0.08/turn              e - ring of teleportation (curse)
MPRegen  0.08/turn              (no ring)

@: no status effects
A: powered by pain 1
a: no special abilities


You were on level 1 of the Dungeon.
You were not hungry.

You visited 1 branch of the dungeon, and saw 1 of its levels.

You collected 39 gold pieces.

Inventory:

Hand Weapons
 a - a +0 falchion (weapon)
Armour
 b - a +0 robe (worn)
Jewellery
 e - a cursed ring of teleportation (left hand)
Potions
 d - a potion of might {unknown}
Comestibles
 c - a bread ration


   Skills:
 + Level 3.1 Fighting
 + Level 3.1 Long Blades
 + Level 3.0 Dodging
 + Level 1.8 Stealth


You had one spell level left.
You didn't know any spells.

Dungeon Overview and Level Annotations

Branches:
Dungeon (1/15)

Altars:


Innate Abilities, Weirdness & Mutations

You sometimes gain a little power by taking damage.


Message History

You barely miss the hobgoblin. The rat bites you but does no damage.
You barely miss the rat. The hobgoblin misses you. The rat barely misses you.
You hit the rat.
You kill the rat!
The hobgoblin completely misses you.
You hit the hobgoblin but do no damage. The kobold barely misses you.
The hobgoblin hits you with a club.
You hit the hobgoblin but do no damage. The kobold hits you with a dagger.
The hobgoblin barely misses you.
A frilled lizard comes into view.
You closely miss the hobgoblin. The kobold hits you with a dagger.
* * * LOW HITPOINT WARNING * * *
The hobgoblin hits you with a club.
* * * LOW HITPOINT WARNING * * *
You closely miss the hobgoblin. The kobold hits you with a dagger.
* * * LOW HITPOINT WARNING * * *
The hobgoblin hits you with a club.
* * * LOW HITPOINT WARNING * * *
You barely miss the hobgoblin. The kobold hits you with a dagger.
You die...

#. .. ( ..
.#l## .... #
#..# ##..###..#
.........#
#K####...
#@......#
#.....g†)......
#.#####.#####.#
#.# #.# #.# #.#
#..


You could see a hobgoblin, a kobold and a frilled lizard (wandering).

Vanquished Creatures
  3 goblins (D:1)
  A hobgoblin (D:1)
  4 jackals (D:1)
  A kobold (D:1)
  3 bats (D:1)
  A frilled lizard (D:1)
  5 rats (D:1)
18 creatures vanquished.

Notes
Turn   | Place    | Note
-------+----------+-------------------------------------------
     0 | D:1      | slep the Demonspawn Monk began the quest for the Orb.
     0 | D:1      | Reached XP level 1. HP: 18/18 MP: 1/1
   131 | D:1      | Gained mutation: You sometimes gain a little power by taking damage. [demonic ancestry]
   131 | D:1      | Reached XP level 2. HP: 16/24 MP: 2/2
   208 | D:1      | HP: 1/24 [hobgoblin/club (1)]
   209 | D:1      | Slain by a kobold

Vault maps used:
D:1:      dpeg_arrival_subterranean_lakeside_camping, minmay_surrounded

Skill      XL: |  1  2 |
---------------+-------+-----
Dodging        | 3 |  3.0
Long Blades    | 3 |  3.1
Fighting       | |  3.1
Stealth        | |  1.8

Action                   || total
-------------------------++-------
Melee: Falchion          ||    53
 Stab: Sleeping          ||     1
Armor: Robe              ||    12
Dodge: Dodged            ||    44
       Rpst.: Falchion   ||    11

Table legend:
 A = Spawn XP
 B = Non-spawn XP
 C = Spawn XP percentage of total XP
 D = Spawn monster count
 E = Non-spawn monster count
 F = Spawn count percentage of total count
 G = Total turns spent on level
                    A         B        C        D         E        F      G
               +---------+---------+-------+---------+---------+-------+---------
         Total |       0 |      27 |   0.0 |       0 |      18 |   0.0 |   209
               +---------+---------+-------+---------+---------+-------+---------
           D:1 |       0 |      27 |   0.0 |       0 |      18 |   0.0 |   209
               +---------+---------+-------+---------+---------+-------+---------
